 Dungeon Crawl Stone Soup version 0.20.2-3-g29329e0561 (webtiles) character file.

320 Alfie the Shield-Bearer (level 6, -3/53 HPs)
             Began as a Minotaur Fighter on Oct 14, 2020.
             Slain by a gnoll
             ... wielding a +0 spear
              (5 damage)
             ... on level 4 of the Dungeon.
             The game lasted 00:05:32 (2577 turns).

Alfie the Shield-Bearer (Minotaur Fighter)          Turns: 2577, Time: 00:05:32

Health: -3/53      AC:  7    Str: 23    XL:     6   Next: 22%
Magic:  5/5        EV:  8    Int:  5    God:
Gold:   211        SH: 10    Dex:  9    Spells: 5/5 levels left

rFire    . . .     SeeInvis .   a - +0 long sword
rCold    . . .     Gourm    .   c - +0 shield
rNeg     . . .     Faith    .   b - +0 scale mail
rPois    .         Spirit   .   (helmet restricted)
rElec    .         Reflect  .   (no cloak)
rCorr    .         Harm     .   (no gloves)
MR       .....                  (no boots)
Stlth    ..........             (no amulet)
Regen    0.2/turn               (no ring)
MPRegen  0.1/turn               (no ring)

@: no status effects
A: retaliatory headbutt, horns 2
a: no special abilities


You were on level 4 of the Dungeon.
You were not hungry.

You visited 1 branch of the dungeon, and saw 4 of its levels.

You collected 211 gold pieces.

Inventory:

Hand Weapons
 a - a +0 long sword (weapon)
Armour
 b - a +0 scale mail (worn)
 c - a +0 shield (worn)
Jewellery
 h - a +1 ring of evasion {unknown}
 m - an uncursed ring of resist corrosion {unknown}
Scrolls
 g - a scroll of teleportation
 i - a scroll of recharging
 j - a scroll of enchant armour {unknown}
 l - 2 scrolls of remove curse
Potions
 d - a potion of might
 e - a potion of berserk rage {unknown}
 n - a potion of flight {unknown}
Comestibles
 f - 2 bread rations
 o - a royal jelly


   Skills:
 + Level 4.7 Fighting
 + Level 5.0 Long Blades
 + Level 5.0 Armour
 + Level 0.4 Dodging
 + Level 5.3 Shields


You had 5 spell levels left.
You didn't know any spells.

Dungeon Overview and Level Annotations

Branches:
Dungeon (4/15)
 Temple: D:4-7

Altars:


Innate Abilities, Weirdness & Mutations

You reflexively headbutt those who attack you in melee.
You have a pair of horns on your head.


Message History

You block the gnoll's attack. x2
You barely miss the gnoll.
The gnoll is lightly wounded.
The gnoll hits you from afar with a spear.
* * * LOW HITPOINT WARNING * * *
You block the gnoll's attack. The gnoll hits you with a flail.
* * * LOW HITPOINT WARNING * * *
You hit the gnoll.
The gnoll is heavily wounded.
You block the gnoll's attack. The gnoll hits you with a flail!
* * * LOW HITPOINT WARNING * * *
The gnoll closely misses you. You furiously retaliate!
You headbutt the gnoll!
You kill the gnoll!
The gnoll hits you from afar with a spear.
* * * LOW HITPOINT WARNING * * *
You hit the gnoll.
You kill the gnoll!
You block the gnoll's attack.
The gnoll hits you from afar with a spear.
You die...

#.# #.<....###
#.#######.....
#.##...##..###
#.#.###.#..#
#..........####.
##.##...........
#.##.##.#.####
##.#.#.##.#####
#>..##....@.#
##.##....##)#
#.#....##.g.#
#.....##.....#
###..##.#...#.#
#.##.8.8.8.8.#
#.#.. ...(.?..#
#.+. ...?... .+
###


You could see a gnoll.

Vanquished Creatures
  An ice beast (D:3)
  Natasha (D:4)
  A hound skeleton (D:4)
  Robin (D:2)
  6 gnolls
  4 adders
  2 worms (D:3)
  3 dart slugs
  4 leopard geckos
  An orc (D:3)
  A ball python (D:3)
  4 giant cockroaches
  15 goblins
  7 hobgoblins
  4 kobolds
  A quokka (D:1)
  5 bats
  5 frilled lizards
  8 rats
74 creatures vanquished.

Notes
Turn   | Place    | Note
-------+----------+-------------------------------------------
     0 | D:1      | Alfie the Minotaur Fighter began the quest for the Orb.
     0 | D:1      | Reached XP level 1. HP: 19/19 MP: 0/0
   480 | D:1      | Reached XP level 2. HP: 27/27 MP: 1/1
   939 | D:2      | Reached XP level 3. HP: 30/33 MP: 2/2
  1027 | D:2      | Noticed Robin
  1061 | D:2      | Reached XP level 4. HP: 40/40 MP: 3/3
  1076 | D:2      | Killed Robin
  1774 | D:3      | Noticed an ice beast
  1802 | D:3      | Killed an ice beast
  1802 | D:3      | Reached skill level 5 in Shields
  1802 | D:3      | Reached XP level 5. HP: 25/47 MP: 4/4
  2533 | D:4      | Noticed Natasha
  2544 | D:4      | Killed Natasha
  2544 | D:4      | Reached XP level 6. HP: 33/53 MP: 5/5
  2564 | D:4      | Reached skill level 5 in Long Blades
  2571 | D:4      | Reached skill level 5 in Armour
  2575 | D:4      | HP: 2/53 [gnoll/spear (1)]
  2577 | D:4      | Slain by a gnoll

Skill      XL: |  1  2  3  4  5  6 |
---------------+-------------------+-----
Shields        | 4 5 |  5.3
Armour         | 4 5 |  5.0
Fighting       | 4 |  4.7
Long Blades    | 3 4 5 |  5.0
Dodging        | |  0.4

Action                   |  1- 3 |  4- 6 || total
-------------------------+-------+-------++-------
Melee: Long sword        |    76 |   130 ||   206
       Headbutt          |     9 |    27 ||    36
  Use: Scroll            |     2 |     3 ||     5
       Potion            |     1 |     1 ||     2
  Eat: Fruit             |       |     4 ||     4
       Bread ration      |       |     1 ||     1
Armor: Scale mail        |    41 |    48 ||    89
Dodge: Dodged            |    23 |    48 ||    71
Block: Shield            |    57 |    70 ||   127
       Rpst.: Long sword |     8 |    10 ||    18
